 Dungeon Crawl Stone Soup version 0.24.0-13-gcf9b319 (webtiles) character file.

Game seed: 15316865676233724265, levelgen mode: deterministic

47 Gingerlord the Covered (level 3, -4/24 HPs)
             Began as a Gargoyle Fighter on Apr 12, 2020.
             Was an Initiate of Okawaru.
             Killed by nerve-wracking pain
             ... invoked by an orc priest
              (5 damage)
             ... on level 2 of the Dungeon.
             The game lasted 00:02:20 (1581 turns).

Gingerlord the Covered (Gargoyle Fighter)           Turns: 1581, Time: 00:02:20

Health: -4/24      AC: 12    Str: 17 (19) XL:     3   Next: 70%
Magic:  3/3        EV:  4    Int:  7 (8)  God:    Okawaru [......]
Gold:   167        SH:  8    Dex:  8 (10) Spells: 2/2 levels left

rFire    + . .     SeeInvis .   a - +0 war axe
rCold    + . .     Gourm    .   c - +0 shield
rNeg     + . .     Faith    .   q - +0 chain mail
rPois    ∞         Spirit   .   (no helmet)
rElec    +         Reflect  .   (no cloak)
rCorr    +         Harm     .   (no gloves)
MR       .....                  (no boots)
Stlth    ..........             (no amulet)
HPRegen  0.08/turn              (no ring)
MPRegen  0.08/turn              (no ring)

@: resistant
A: negative energy resistance 1, electricity resistance, unbreathing,
petrification resistance, rot immunity, AC +3
a: Renounce Religion


You were on level 2 of the Dungeon.
You worshipped Okawaru.
Okawaru was noncommittal.
You were very hungry.

You visited 1 branch of the dungeon, and saw 3 of its levels.

You collected 167 gold pieces.

Inventory:

Hand Weapons
 a - a +0 war axe (weapon)
Armour
 c - a +0 shield (worn)
 q - a +0 chain mail (worn)
Wands
 p - a wand of random effects (17)
Scrolls
 e - a scroll of remove curse {unknown}
 g - 2 scrolls of immolation {unknown}
 h - a scroll of enchant armour {unknown}
 i - 2 scrolls of magic mapping {unknown}
 j - 3 scrolls of identify {unknown}
 k - 2 scrolls of noise {unknown}
 l - a scroll of fear {unknown}
Potions
 b - a potion of flight {unknown}
 d - a potion of might
 n - a potion of resistance
Comestibles
 f - 10 rations


   Skills:
 + Level 3.8 Fighting
 + Level 2.3 Axes
 + Level 3.8 Armour
 + Level 3.8 Shields


You had 2 spell levels left.
You didn't know any spells.
Your spell library contained the following spells:

 Spells                   Type           Power        Failure   Level  Hunger
 Animate Skeleton         Necr           N/A          100%        1    ##.....
 Apportation              Tloc           #.....       100%        1    ##.....
 Confusing Touch          Hex            #.....       100%        1    ##.....
 Summon Small Mammal      Summ           #...         100%        1    ##.....


Dungeon Overview and Level Annotations

Branches:
Dungeon (3/15)

Altars:
Cheibriados
Hepliaklqana
Okawaru
Xom


Innate Abilities, Weirdness & Mutations

You are resistant to torment.
Your stone body is resilient. (AC +3)
You are immune to poison.
You resist negative energy. (rN+)
You are resistant to electric shocks. (rElec)
You can survive without breathing.
You are immune to petrification.
You are immune to rotting.


Message History

* * * LOW HITPOINT WARNING * * *
The orc priest hits you but does no damage.
You are too injured to fight recklessly!
It was a potion of resistance.
You feel protected.
The orc priest mumbles some strange prayers to Beogh against you.
You barely resist.
There is a stone staircase leading up, spattered with blood here.
Things that are here:
a +0 short sword; a frilled lizard corpse The orc wizard gestures wildly while chanting.
The orc wizard blinks!
You block the orc priest's attack.
You climb upwards.
There is a stone staircase leading down here.
It was a potion of degeneration.
There was something very wrong with that liquid.
You feel weakened.
You feel dopey.
You feel clumsy.
The orc priest mumbles some strange prayers to Beogh against you.
Pain shoots through your body!
You die...

#..############ # #..# # #..#
# #..###### # ###.#.#)#.## #
#####.....÷....#
#.....#.......##
#.###..........# #.#
###...@o..## #####.#
#..)......#
#.....#####.......######
##.###...##...........[.###
#...##.....#.#.#.#.#......#
#.#.##.#.#...#########.##.####
#.._...#.##### #.##....#
###.####.# ####...##..# #..#
#.# #......##..#


You could see an orc priest.

Vanquished Creatures
  3 dart slugs
  A leopard gecko (D:2)
  4 orcs
  3 bats
  A giant cockroach (D:2)
  4 goblins (D:2)
  4 hobgoblins
  4 jackals (D:1)
  A ball python (D:2)
  A frilled lizard (D:3)
  3 kobolds
  3 rats
32 creatures vanquished.

Notes
Turn   | Place    | Note
-------+----------+-------------------------------------------
     0 | D:1      | Gingerlord the Gargoyle Fighter began the quest for the
                  | Orb.
     0 | D:1      | Reached XP level 1. HP: 14/14 MP: 1/1
   403 | D:1      | Reached XP level 2. HP: 19/19 MP: 2/2
   862 | D:2      | Found a snail-covered altar of Cheibriados.
   958 | D:2      | Found a hazy altar of Hepliaklqana.
  1014 | D:2      | Reached XP level 3. HP: 23/23 MP: 3/3
  1028 | D:2      | Found a shimmering altar of Xom.
  1291 | D:2      | Found an iron altar of Okawaru.
  1552 | D:2      | Became a worshipper of Warmaster Okawaru
  1576 | D:3      | HP: 1/24 [orc priest/divine providence (13)]
  1581 | D:2      | Killed from afar by an orc priest

Levels and vault maps discovered:
D:1:      beargit_arrival_greenhouse, layout_rooms
D:2:      cheibrodos_old_hovel, layout_loops_ring, overflow_temple_1_default,
          lemuel_crystal_altar, lemuel_crystal_altar, xom_butterflies,
          first_ration, st_stairs_4, minmay_tetromino_o2
D:3:      layout_loops_ring, ashenzari_conservatory_becter

Skill      XL: |  1 |
---------------+----+-----
Axes           | 2 |  2.3
Fighting       | |  3.8
Armour         | |  3.8
Shields        | |  3.8

Action                   || total
-------------------------++-------
Melee: War axe           ||   128
  Use: Potion            ||     2
  Eat: Chunk             ||     1
Armor: Scale mail        ||    62
       Chain mail        ||    10
Dodge: Dodged            ||    55
Block: Shield            ||    74
